AoeStats
← Chus

Nomad

506930333Analyzed
4v4 RM · 16d ago on Sep 15, 2026· 39m 18s· 8 players
Game mode
Random Map
Map size
231×231
Population
200
Speed
Normal
Resources
Standard
Victory
Conquest
Starting age
Dark Age
Ending age
Imperial Age
RankedLock teamsTeams togetherTeam positionsShared explorationLock speedFull tech treeHidden civsTurbo modeCheats
Victory
Defeat
🇨🇱 Wu · Chile
1249
+13
🇨🇱 Italians · Chile
1217
+15
🇹🇷 Huns · Türkiye
1204
+15
1186
+16
🇨🇴 Italians · Colombia
1378
-21
🇲🇽 Celts · Mexico
1278
-17
🇨🇴 Persians · Colombia
1217
-16
🇪🇸 Spanish · Spain
868
-5
Crucio
13:55 Feudal Age
18:02 Castle Age
16:59 Padded Archer Armor
18:44 Double-Bit Axe
19:09 Fletching
20:05 Thumb Ring
29:41 Leather Archer Armor
31:26 Ballistics
31:26 Bodkin Arrow
35:46 Husbandry
Crusader
3:07 Loom
3:10 Loom
4:12 Loom
15:01 Feudal Age
16:51 Gold Mining
24:22 Castle Age
22:21 Double-Bit Axe
26:52 Wheelbarrow
28:51 Imperial Age
27:11 Horse Collar
28:42 Fletching
30:16 Bow Saw
32:09 Wheelbarrow
32:44 Bodkin Arrow
33:48 Padded Archer Armor
35:01 Bracer
35:38 Leather Archer Armor
37:58 Chemistry
NiiemZXZ
4:27 Loom
14:28 Feudal Age
14:35 Man-at-Arms
19:49 Castle Age
18:57 Stone Mining
20:00 Double-Bit Axe
20:19 Scale Mail Armor
20:29 Forging
22:02 Fletching
21:59 Fishing Lines
22:19 Arson
24:39 Medium Warships
33:08 Gillnets
35:13 Wheelbarrow
34:23 Town Watch
37:13 Bodkin Arrow
37:18 Padded Archer Armor
38:24 Squires
西貢蘇tszxxx怒插慈雲山傻尻
13:08 Loom
16:32 Feudal Age
28:55 Wheelbarrow
34:12 Castle Age
32:09 Fishing Lines
32:45 Scale Mail Armor
32:50 Scale Barding Armor
34:28 Bloodlines
36:04 Double-Bit Axe
36:58 Forging
38:24 Husbandry
39:55 Iron Casting
Lord Elendil
4:03 Loom
13:26 Feudal Age
14:53 Double-Bit Axe
17:12 Wheelbarrow
24:01 Castle Age
21:51 Horse Collar
25:03 Medium Warships
27:36 Gold Mining
28:05 Fletching
33:21 Bodkin Arrow
33:09 Elite Skirmisher
34:21 Padded Archer Armor
35:01 Ballistics
Ryujin
3:15 Loom
12:11 Feudal Age
19:23 Wheelbarrow
25:22 Castle Age
24:45 Bloodlines
25:53 Husbandry
25:16 Light Cavalry
26:05 Scale Barding Armor
26:10 Forging
26:37 Double-Bit Axe
A6D2_4EVER
5:48 Loom
14:41 Feudal Age
15:36 Double-Bit Axe
17:53 Fletching
18:05 Gold Mining
19:10 Fishing Lines
22:21 Castle Age
38:04 Bow Saw
Chus
3:34 Loom
17:05 Feudal Age
17:50 Double-Bit Axe
21:52 Castle Age
22:17 Fletching
23:19 Medium Warships
35:30 Man-at-Arms
35:55 Gambesons
36:11 Squires
36:47 Long Swordsman
39:32 Scale Mail Armor
39:42 Forging
39:26 Arson
Connection lost

Rejoining the realm…

Still unreachable

The connection could not be restored.

Session expired

The server has moved on; the page needs a fresh start.